 Dungeon Crawl Stone Soup version 0.30-a0-912-ge10d75a369 (webtiles) character file.

Game seed: 17287018333979274757

74552 Aequonox the Unseen (level 15, -3/114 HPs)
             Began as a Vampire Enchanter on Mar 19, 2023.
             Was the Champion of Dithmenos.
             Killed from afar by a deep elf zephyrmancer (32 damage)
             ... with a bolt of lightning
             ... on level 1 of the Elven Halls.
             The game lasted 02:48:25 (25247 turns).

Aequonox the Unseen (Vampire Enchanter)            Turns: 25247, Time: 02:48:26

Health: -3/114     AC: 16    Str:  9    XL:     15   Next: 7%
Magic:  17/17      EV: 19    Int: 31    God:    Dithmenos [******]
Gold:   30         SH:  0    Dex: 24    Spells: 4/29 levels left

rFire   . . .      SeeInvis +    E - +9 dagger (venom)
rCold   + . .      Faith    .    (no shield)
rNeg    . . .      Spirit   .    L - +4 leather armour of the Gravedigger {rC+}
rPois   .          Reflect  .    (no helmet)
rElec   .          Rampage  .    N - +1 cloak of Free Expression {MP-9 Str+4 Int+9}
rCorr   .                        p - +2 pair of gloves {Stlth+}
Will    +++..                    S - +2 pair of boots Stlth *****+++++
                                 g - amulet of regeneration
HPRegen 1.39/turn                m - ring of willpower
MPRegen 0.15/turn                U - ring of willpower

@: healing quickly, wreathed by umbra
A: alive, fangs 3, see invisible, vampiric 2, agile 1, clever 1, MP-powered
wands
a: Exsanguinate, Renounce Religion, Shadow Step, Shadow Form


You were on level 1 of the Elven Halls.
You worshipped Dithmenos.
Dithmenos was exalted by your worship.
You visited 8 branches of the dungeon, and saw 22 of its levels.
You also visited: Bailey.

You collected 1436 gold pieces.
You spent 1406 gold pieces at shops.

Inventory:

Hand Weapons
 t - a +7 sling of draining
 C - the +3 flail of the Inferno {heavy, rElec}
   (You found it on level 6 of the Dungeon)

   rElec:     It insulates you from electricity.
 E - a +9 dagger of venom (weapon)
 M - the +5 short sword of Indomitability {vamp, Str+2}
   (You found it on level 4 of the Lair of Beasts)

   Str:       It affects your strength (+2).
Missiles
 O - 4 curare-tipped darts
Armour
 b - the +1 ring mail "Zanuh" {+Inv rPois rN+ Str-4}
   (You found it on level 8 of the Dungeon)

   Str:       It affects your strength (-4).
   rPois:     It protects you from poison.
   rN:        It protects you from negative energy.
   +Inv:      It lets you turn invisible.
 c - a +1 leather armour of fire resistance
 l - the +0 leather armour of the Hills {Fly rN+}
   (You bought it in a shop on level 8 of the Dungeon)

   rN:        It protects you from negative energy.
   Fly:       It grants you flight.
 p - a +2 pair of gloves of stealth (worn)
 G - +0 acid dragon scales
 H - the -1 pair of boots "Lucyogi" {rF+ Will- Str+4}
   (You found it on level 7 of the Dungeon)

   Str:       It affects your strength (+4).
   rF:        It protects you from fire.
   Will:      It decreases your willpower.
 L - the +4 leather armour of the Gravedigger (worn) {rC+}
   (You found it in a bailey)

   rC:        It protects you from cold.
 N - the +1 cloak of Free Expression (worn) {MP-9 Str+4 Int+9}
   (You found it on level 2 of the Lair of Beasts)

   Str:       It affects your strength (+4).
   Int:       It affects your intelligence (+9).
   MP:        It affects your magic capacity (-9).
 S - a +2 pair of boots (worn)
Jewellery
 g - an amulet of regeneration (around neck)
 h - a ring of flight
 k - a ring of resist corrosion
 m - a ring of willpower (left hand)
 r - the ring of Zuuneustru {Fire rCorr Str+3 Int+3 Dex-2}
   (You bought it in a shop on level 2 of the Orcish Mines)

   [ring of fire]

   It enhances your fire magic.
   Str:       It affects your strength (+3).
   Int:       It affects your intelligence (+3).
   Dex:       It affects your dexterity (-2).
   rF:        It protects you from fire.
   rC:        It makes you vulnerable to cold.
   rCorr:     It protects you from acid and corrosion.
 y - a ring of positive energy
 U - a ring of willpower (right hand)
 W - the amulet of Soliufri {Faith rElec Int+2}
   (You found it on level 5 of the Lair of Beasts)

   [amulet of faith]

   It allows you to gain divine favour quickly.
   Int:       It affects your intelligence (+2).
   rElec:     It insulates you from electricity.
 Y - a ring of protection from cold
Wands
 A - a wand of polymorph (6)
 P - a wand of paralysis (5)
 V - a wand of roots (5)
Scrolls
 d - a scroll of amnesia
 e - 4 scrolls of immolation
 i - 3 scrolls of enchant armour
 j - 6 scrolls of fog
 q - 3 scrolls of magic mapping
 s - 3 scrolls of butterflies
 u - a scroll of teleportation
 v - a scroll of torment
 B - a scroll of acquirement {unknown}
 F - a scroll of enchant weapon
 I - a scroll of poison
 K - a scroll of fear
 Q - 2 scrolls of vulnerability
 T - 4 scrolls of brand weapon
 Z - a scroll of noise {unknown}
Potions
 a - a potion of might
 f - 2 potions of attraction
 n - 3 potions of resistance
 o - 4 potions of mutation
 w - 2 potions of haste
 x - a potion of curing
 z - 2 potions of brilliance
 D - 2 potions of lignification
 J - a potion of berserk rage
 R - 2 potions of ambrosia
 X - a potion of cancellation {unknown}


   Skills:
 + Level 9.5 Fighting
 + Level 10.5 Short Blades
 + Level 6.7 Armour
 + Level 10.0 Dodging
 + Level 16.1 Stealth
 - Level 7.6 Spellcasting
 - Level 10.0 Hexes
 - Level 1.2 Summonings
 - Level 9.0 Necromancy
 - Level 10.0 Transmutations
 - Level 1.2 Ice Magic
 - Level 1.2 Air Magic
 - Level 1.5 Earth Magic
 + Level 5.6 Invocations
 + Level 2.8 Evocations


You had 4 spell levels left.
You knew the following spells:

 Your Spells              Type           Power      Damage    Failure   Level
a - Confusing Touch       Hex            65%        N/A       1%          3
b - Tukima's Dance        Hex            65%        N/A       1%          3
c - Ensorcelled Hibernat  Hex/Ice        92%        N/A       1%          2
d - Blink                 Tloc           22%        N/A       9%          2
e - Summon Guardian Gole  Hex/Summ       46%        N/A       1%          3
f - Dazzling Flash        Conj/Hex       84%        N/A       1%          3
g - Yara's Violent Unrav  Hex/Tmut       32%        3d13      2%          5
h - Animate Dead          Necr           61%        N/A       1%          4

Your spell library contained the following spells:

 Spells                   Type           Power      Damage    Failure   Level
 Kiss of Death            Conj/Necr      100%       2d13      1%          1
 Passwall                 Tmut/Erth      39%        N/A       1%          2
 Portal Projectile        Hex/Tloc       84%        N/A       1%          3
 Dispel Undead            Necr           61%        3d21      1%          4
 Sandblast                Erth           42%        2d11      3%          1
 Summon Small Mammal      Summ           76%        N/A       3%          1
 Call Imp                 Summ           19%        N/A       4%          2
 Ignite Poison            Fire/Tmut/Pois 32%        N/A       4%          3
 Leda's Liquefaction      Hex/Erth       23%        N/A       4%          4
 Magic Dart               Conj           44%        1d5       5%          1
 Lesser Beckoning         Tloc           22%        N/A       9%          2
 Momentum Strike          Conj/Tloc      22%        3d8       9%          2
 Call Canine Familiar     Summ           19%        N/A       10%         3
 Stone Arrow              Conj/Erth      32%        3d9       12%         3
 Kindle Blastsparks       Fire/Tloc/Air  28%        2d12      14%         3
 Mephitic Cloud           Conj/Pois/Air  14%        N/A       14%         3
 Animate Armour           Summ/Erth      40%        N/A       30%         4
 Airstrike                Air            9%         2d(2-18)  32%         4
 Summon Lightning Spire   Summ/Air       19%        N/A       32%         4
 Manifold Assault         Tloc           11%        N/A       50%         4
 Passage of Golubria      Tloc           11%        N/A       50%         4
 Blade Hands              Tmut           32%        N/A       2%          5
 Freezing Cloud           Conj/Ice/Air   8%         6-21      73%         5
 Plasma Beam              Fire/Air       7%         2x1d20    75%         5
 Haunt                    Necr/Summ      21%        N/A       99%         7
 Dispersal                Tloc           5%         N/A       100%        6
 Disjunction              Tloc           5%         N/A       100%        8
 Infestation              Necr           30%        N/A       100%        8
 Lehudib's Crystal Spear  Conj/Erth      8%         10d3      100%        8


Dungeon Overview and Level Annotations

Branches:
Dungeon (10/15)            Temple (1/1) D:5            Lair (5/5) D:10
  Swamp (1/4) Lair:2        Snake (1/4) Lair:3        Slime (1/5) Lair:4
    Orc (2/2) D:9             Elf (1/3) Orc:2        Bailey (visited)

Altars:
Ashenzari
Cheibriados
Dithmenos
Fedhas
Gozag
Hepliaklqana
Kikubaaqudgha
Makhleb
Nemelex Xobeh
Okawaru
Qazlal
Ru
Sif Muna
Trog
Uskayaw
Vehumet
Wu Jian
Xom
Yredelemnul
Jiyva

Shops:
D:3 [:**   D:5 *   D:8 *   Orc:1 :   Orc:2 *[:

Annotations:
D:4 2 transporters, Pascal76's ghost, amateur MiBe
Lair:5 3 runed translucent doors, EnergyMaker's ghost, journeyman MiBe


Innate Abilities, Weirdness & Mutations

Your natural rate of healing is accelerated.
You have razor-sharp teeth.
You have supernaturally acute eyesight. (SInv)
You are afflicted with vampirism and can become a bat while bloodless.
You are agile. (Dex +4, Str/Int -1)
Your mind is acute. (Int +4, Str/Dex -1)
You expend magic power (3 MP) to strengthen your wands.


Message History

You climb downwards.
Welcome back to the Elven Halls!
There is a staircase back to the Mines here.
You enter the shallow water.
Moving in this stuff is going to be slow.
You see here a scroll labelled MIUJYA RASTREAGY.
You see here a scroll labelled MIUJYA RASTREAGY.
B - a scroll labelled MIUJYA RASTREAGY You see here a fuming yellow potion.
X - a fuming yellow potion
Found a potion of berserk rage.
You open the door.
There is an open door here.
You open the door.
A deep elf archer and 3 deep elf zephyrmancers come into view.
There is an open door here.
A deep elf knight comes into view. It is wielding a +0 scimitar.
The deep elf knight shouts!
The deep elf zephyrmancer shouts!
The deep elf zephyrmancer points at you and mumbles some strange words.
The bolt of lightning hits you!!
The deep elf zephyrmancer shouts! x2; The deep elf archer shouts!
The deep elf zephyrmancer gestures at you while chanting.
The bolt of lightning misses you.
The deep elf zephyrmancer casts a spell at you.
The bolt of lightning hits you!! x2
The deep elf zephyrmancer gestures at you while chanting.
The bolt of lightning hits you!
* * * LOW HITPOINT WARNING * * *
The deep elf knight gestures wildly while chanting.
The deep elf knight seems to speed up.
There is an open door here.
The deep elf archer unwields a +0 dagger.
The deep elf archer wields a +0 shortbow.
The deep elf archer shoots an arrow.
The arrow hits you but does no damage.
The deep elf zephyrmancer gestures wildly while chanting.
The deep elf zephyrmancer blinks!
You close the door.
A deep elf zephyrmancer opens the door.
The deep elf zephyrmancer points at you and mumbles some strange words.
The bolt of lightning misses you. The bolt of lightning hits you!!
You die...

#...........#
#...........#
+...........#
#...........#
#!..........#
#...........#
##'.......###
##.###...###
####### ##@##
#####
.......####.##
........##.##
........e'##
....e.....#
...e.e....#
...ยง......#
...e......#
..........#


You could see a deep elf archer (repels missiles) and a deep elf zephyrmancer.

Vanquished Creatures
  2 orc warlords
  An eleionoma (Swamp:1)
  2 bunyips (Swamp:1)
  A fire dragon (Lair:5)
  The ghost of Iry Ugg the Martial Artist, a journeyman TeTm of Wu Jian (Lair:3)
  2 ogre magi (Orc:2)
  4 hydras
  An anaconda (Lair:3)
  10 two-headed ogres
  Erica (D:9)
  4 death yaks
  A fire crab (Lair:5)
  2 skysharks
  2 deep trolls (Orc:2)
  A swamp dragon (Swamp:1)
  2 bog bodies (Swamp:1)
  An orc knight (Orc:2)
  Pikel (D:5)
  A deep elf zephyrmancer (Elf:1)
  2 deep elf pyromancers
  A salamander (Lair:3)
  2 orc sorcerers
  2 cyclopes (Orc:2)
  A will-o-the-wisp (Lair:2)
  19 elephants
  8 black mambas
  2 molten gargoyles (Lair:5)
  A torpor snail (Lair:4)
  11 cane toads
  3 rime drakes
  11 komodo dragons
  A meliai (Lair:3)
  2 polar bears
  A queen bee (Lair:3)
  Grinder (D:3)
  10 trolls
  A hornet (Lair:3)
  9 blink frogs
  14 dream sheep
  3 slime creatures
  7 wyverns
  6 basilisks
  46 yaks
  2 nagas (Lair:3)
  A swamp worm (Swamp:1)
  3 wargs (D:9)
  2 acid dragons
  12 water moccasins
  28 orc warriors
  3 hell hounds (Lair:5)
  A sky beast (D:7)
  A black bear (Lair:2)
  3 ice beasts
  14 centaurs
  20 ogres
  7 wolves
  3 lemures
  A phantom (D:6)
  6 kobold brigands (D:8)
  5 necrophages (Lair:2)
  6 bullfrogs
  A gnoll sergeant (D:9)
  2 scorpions (D:5)
  3 wights (D:8)
  25 killer bees
  2 howler monkeys (D:9)
  5 electric eels
  A lava snake (Lair:5)
  3 hounds
  5 orc priests
  6 jellies
  6 gnoll boudas
  An iguana (D:6)
  3 sleepcaps
  10 orc wizards
  8 hell rats
  26 gnolls
  9 adders
  4 river rats (D:10)
  A shadow imp (D:7)
  2 white imps
  3 ufetubi
  2 dart slugs
  85 orcs
  8 ball pythons
  5 endoplasms
  2 giant cockroaches
  12 goblins
  A hobgoblin (D:3)
  3 jackals (D:3)
  21 kobolds
  7 quokkas
  4 bats
  2 frilled lizards (D:1)
  3 rats
  A spectral kobold (D:1)
  A butterfly (Lair:3)
605 creatures vanquished.

Vanquished Creatures (collateral kills)
  An orc sorcerer (Orc:2)
  A dancing weapon (Snake:1)
  An orc warrior (Orc:2)
  2 ogres (Orc:2)
  5 gnolls
  4 orcs
14 creatures vanquished.

Vanquished Creatures (others)
  3 elephants
  3 dancing weapons
  An ufetubus (D:6)
  An orc zombie (Orc:2)
  35 foxfires
  34 fungi
  48 plants
125 creatures vanquished.

Grand Total: 744 creatures vanquished

Notes
Turn   | Place    | Note
-------+----------+-------------------------------------------
     0 | D:1      | Aequonox the Vampire Enchanter began the quest for the Orb.
     0 | D:1      | Reached XP level 1. HP: 13/13 MP: 3/3
   191 | D:1      | Reached XP level 2. HP: 11/19 MP: 5/5
   226 | D:1      | Found a faded altar of an unknown god.
   943 | D:2      | Gained mutation: You are afflicted with vampirism and can
                  | become a bat while bloodless. [Vampire growth]
   943 | D:2      | Reached XP level 3. HP: 24/24 MP: 6/6
  1004 | D:2      | Reached skill level 5 in Stealth
  1193 | D:2      | You fall into a shaft and drop 2 floors!
  1277 | D:3      | Reached skill level 5 in Hexes
  1361 | D:3      | Learned a level 3 spell: Confusing Touch
  1365 | D:3      | Learned a level 3 spell: Tukima's Dance
  1470 | D:2      | Reached XP level 4. HP: 30/30 MP: 7/7
  1831 | D:3      | Found Qugobb's Book Shoppe.
  1919 | D:3      | Noticed Grinder
  1924 | D:3      | Found a hide-covered altar of Uskayaw.
  1937 | D:3      | Killed Grinder
  1938 | D:3      | Reached skill level 6 in Stealth
  1938 | D:3      | Reached XP level 5. HP: 10/35 MP: 7/9
  1938 | D:3      | Reached XP level 6. HP: 12/41 MP: 7/10
  2088 | D:3      | Found Etant's Assorted Antiques.
  2110 | D:3      | Found Reum's Assorted Antiques.
  2164 | D:3      | Found Unaat's Armour Boutique.
  2927 | D:4      | Found a transporter.
  2970 | D:4      | Noticed Pascal76's ghost (amateur MiBe)
  2973 | D:4      | Found a transporter.
  3423 | D:4      | Reached XP level 7. HP: 43/46 MP: 5/12
  3649 | D:5      | Entered Level 5 of the Dungeon
  3788 | D:5      | Reached skill level 7 in Stealth
  3930 | D:5      | Found Toleuq's Lightly-Used Armoury.
  3995 | D:5      | Reached skill level 1 in Fighting
  4119 | D:5      | Found a staircase to the Ecumenical Temple.
  4119 | D:5      | Noticed Pikel
  4151 | Temple   | Entered the Ecumenical Temple
  4359 | Temple   | Became a worshipper of Dithmenos the Shadowed
  4407 | D:5      | Killed Pikel
  4408 | D:5      | Reached skill level 1 in Armour
  4408 | D:5      | Reached skill level 5 in Dodging
  4408 | D:5      | Reached skill level 8 in Stealth
  4408 | D:5      | Reached XP level 8. HP: 29/57 MP: 9/13
  4995 | D:6      | Reached skill level 5 in Short Blades
  5096 | D:6      | Identified the +3 flail of the Inferno {heavy, rElec}
  6020 | D:6      | Learned a level 2 spell: Ensorcelled Hibernation
  6074 | D:6      | Reached * piety under Dithmenos
  6439 | D:7      | Reached skill level 9 in Stealth
  6451 | D:7      | Reached XP level 9. HP: 65/65 MP: 10/14
  6555 | D:7      | Reached skill level 5 in Fighting
  6604 | D:7      | Reached skill level 10 in Stealth
  6707 | D:7      | Identified the -1 pair of boots "Lucyogi" {rF+ Will- Str+4}
  7127 | D:8      | Reached ** piety under Dithmenos
  7173 | D:8      | Reached XP level 10. HP: 62/76 MP: 11/15
  7250 | D:8      | Found a flagged portal.
  7264 | Bailey   | Entered a bailey
  7322 | Bailey   | Learned a level 2 spell: Blink
  8047 | Bailey   | Reached *** piety under Dithmenos
  8048 | Bailey   | Reached skill level 11 in Stealth
  8119 | Bailey   | Identified the +4 leather armour of the Gravedigger {rC+}
  8573 | D:8      | Identified the +1 ring mail "Zanuh" {+Inv rPois rN+ Str-4}
  8633 | D:8      | Noticed a two-headed ogre
  8656 | D:8      | Killed a two-headed ogre
  9102 | D:8      | Reached XP level 11. HP: 74/86 MP: 5/16
  9109 | D:8      | Reached **** piety under Dithmenos
  9393 | D:8      | Found Ocka's Assorted Antiques.
  9414 | D:8      | Found a bloodstained altar of Trog.
 10631 | D:9      | Reached skill level 5 in Armour
 10766 | D:9      | Found a blossoming altar of Fedhas.
 10777 | D:9      | Reached skill level 12 in Stealth
 11418 | D:9      | Noticed Erica
 11455 | D:9      | Killed Erica
 11544 | D:9      | Found a staircase to the Orcish Mines.
 11656 | D:9      | Found Guimpen's Magic Scroll Boutique.
 11818 | D:10     | Entered Level 10 of the Dungeon
 11953 | D:3      | Bought Great Wizards, Vol. VII for 390 gold pieces
 12082 | Orc:1    | Entered Level 1 of the Orcish Mines
 12093 | Orc:1    | Noticed an orc warlord
 12304 | D:10     | Reached skill level 1 in Transmutations
 12318 | D:10     | Noticed a two-headed ogre
 12340 | D:10     | Killed a two-headed ogre
 12398 | D:10     | Noticed a death yak
 12401 | D:10     | Noticed a death yak
 12445 | D:10     | Gained mutation: You are agile. (Dex +4, Str/Int -1)
                  | [potion of mutation]
 12445 | D:10     | Gained mutation: Your mind is acute. (Int +4, Str/Dex -1)
                  | [potion of mutation]
 12445 | D:10     | Gained mutation: You expend magic power (3 MP) to
                  | strengthen your wands. [potion of mutation]
 12784 | D:10     | Found a staircase to the Lair.
 12784 | D:10     | Noticed a death yak
 13065 | D:9      | Killed an orc warlord
 13175 | D:9      | Reached ***** piety under Dithmenos
 13326 | Orc:1    | Noticed an orc sorcerer
 13581 | Lair:1   | Entered Level 1 of the Lair of Beasts
 13656 | Lair:1   | Reached skill level 13 in Stealth
 14149 | Lair:1   | You fall into a shaft and drop 1 floor!
 14237 | Lair:2   | Reached skill level 1 in Invocations
 14309 | Lair:2   | Reached XP level 12. HP: 94/94 MP: 19/19
 14444 | Lair:2   | Reached skill level 5 in Transmutations
 14548 | Lair:2   | Reached skill level 5 in Spellcasting
 14640 | Lair:2   | Found a staircase to the Swamp.
 14661 | Lair:2   | Identified the +1 cloak of Free Expression {MP-9 Str+4
                  | Int+9}
 14677 | Swamp:1  | Entered Level 1 of the Swamp
 14682 | Swamp:1  | Noticed a bunyip
 15352 | Lair:3   | Noticed a death yak
 15391 | Lair:3   | Noticed a death yak
 15546 | Lair:3   | Found a staircase to the Snake Pit.
 15830 | Lair:3   | Reached skill level 14 in Stealth
 16018 | Lair:3   | Found a transporter.
 16018 | Lair:3   | Found a transporter.
 16019 | Lair:3   | Noticed Iry Ugg's ghost (journeyman TeTm)
 16269 | Lair:3   | Noticed a six-headed hydra
 16272 | Lair:3   | Killed a six-headed hydra
 16630 | D:9      | Killed a death yak
 16647 | D:10     | Killed a death yak
 16705 | Swamp:1  | Noticed an eight-headed hydra
 16707 | Swamp:1  | Noticed a seven-headed hydra
 16714 | Swamp:1  | Killed a seven-headed hydra
 16725 | Swamp:1  | Reached skill level 10 in Short Blades
 16725 | Swamp:1  | Reached skill level 10 in Hexes
 16734 | Swamp:1  | Reached XP level 13. HP: 99/99 MP: 7/22
 16779 | Swamp:1  | Noticed an eleionoma
 16790 | Swamp:1  | Killed an eleionoma
 16844 | Swamp:1  | Noticed a bunyip
 16849 | Swamp:1  | Killed a bunyip
 16859 | Swamp:1  | Killed a bunyip
 17315 | Lair:4   | Reached ****** piety under Dithmenos
 17509 | Lair:4   | Reached skill level 15 in Stealth
 17839 | Lair:4   | Learned a level 5 spell: Blade Hands
 18223 | Lair:4   | Found a staircase to the Slime Pits.
 18230 | Lair:4   | Found a viscous altar of Jiyva.
 18308 | Lair:4   | Identified the +5 short sword of Indomitability {vamp,
                  | Str+2}
 18580 | Lair:3   | Learned a level 3 spell: Dazzling Flash
 18615 | Lair:3   | Killed Iry Ugg's ghost
 19210 | Lair:5   | Entered Level 5 of the Lair of Beasts
 19297 | Lair:5   | Identified the amulet of Soliufri {Faith rElec Int+2}
 19311 | Lair:5   | Found a runed translucent gate.
 19313 | Lair:5   | Found a runed translucent gate.
 19314 | Lair:5   | Noticed an azure jelly
 19314 | Lair:5   | Noticed an azure jelly
 19315 | Lair:5   | Noticed an azure jelly
 19316 | Lair:5   | Found a runed translucent gate.
 19317 | Lair:5   | Noticed an azure jelly
 19317 | Lair:5   | Noticed an azure jelly
 19318 | Lair:5   | Noticed EnergyMaker's ghost (journeyman MiBe)
 19318 | Lair:5   | Noticed an acid blob
 19318 | Lair:5   | Noticed an acid blob
 19325 | Lair:5   | Noticed an azure jelly
 19326 | Lair:5   | Noticed an azure jelly
 19328 | Lair:5   | Reached skill level 1 in Evocations
 19329 | Lair:5   | Noticed an azure jelly
 19414 | Lair:5   | Found a viscous altar of Jiyva.
 19607 | Lair:5   | Found a large runed translucent door.
 19607 | Lair:5   | Found a large runed translucent door.
 19607 | Lair:5   | Noticed a fire dragon
 19608 | Lair:5   | Killed a fire dragon
 19609 | Lair:5   | Reached skill level 5 in Invocations
 19616 | Lair:5   | Identified the +6 triple crossbow "Feriefi" {freeze, Contam
                  | rN++}
 19747 | Lair:5   | Learned a level 5 spell: Yara's Violent Unravelling
 19933 | Lair:5   | Reached XP level 14. HP: 50/108 MP: 8/24
 20638 | Slime:1  | Entered Level 1 of the Pits of Slime
 20639 | Slime:1  | Noticed an acid blob
 20869 | Lair:4   | HP: 4/108 [blink frog (41)]
 20874 | Lair:4   | HP: 4/108 [blink frog (32)]
 21011 | Lair:4   | Reached skill level 10 in Transmutations
 21022 | Lair:4   | Learned a level 3 spell: Summon Guardian Golem
 21487 | Lair:5   | Reached skill level 1 in Earth Magic
 21490 | Lair:5   | Reached skill level 16 in Stealth
 22568 | Lair:3   | Reached skill level 10 in Dodging
 22568 | Lair:3   | Reached skill level 1 in Summonings
 22568 | Lair:3   | Reached skill level 1 in Ice Magic
 22568 | Lair:3   | Reached skill level 1 in Air Magic
 22705 | Snake:1  | Entered Level 1 of the Snake Pit
 23129 | Orc:1    | Found Ulafot's Book Boutique.
 23275 | Orc:1    | Bought a book of Death for 704 gold pieces
 23403 | Orc:2    | Entered Level 2 of the Orcish Mines
 23405 | Orc:2    | Noticed an orc warlord
 23485 | Orc:1    | Reached skill level 1 in Necromancy
 23582 | Orc:1    | Killed an orc warlord
 23768 | Orc:2    | Found Fujonk's Book Boutique.
 23771 | Orc:2    | Found Udaxawn's General Store.
 23836 | Orc:2    | Reached skill level 5 in Necromancy
 24094 | Orc:2    | Found Wucvaor's Armour Emporium.
 24103 | Orc:2    | Found Xopiucyi's Assorted Antiques.
 24219 | Orc:1    | Learned a level 4 spell: Animate Dead
 24648 | Orc:2    | Reached XP level 15. HP: 100/114 MP: 14/26
 24829 | Orc:2    | Found a staircase to the Elven Halls.
 24904 | Orc:2    | Bought a sparkling copper ring for 165 gold pieces
 24904 | Orc:2    | Identified the ring of Zuuneustru {Fire rCorr Str+3 Int+3
                  | Dex-2} (You bought it in a shop on level 2 of the Orcish
                  | Mines)
 24976 | D:8      | Bought an ichor-stained leather armour for 147 gold pieces
 24976 | D:8      | Identified the +0 leather armour of the Hills {Fly rN+}
                  | (You bought it in a shop on level 8 of the Dungeon)
 25049 | Elf:1    | Entered Level 1 of the Elven Halls
 25247 | Elf:1    | Killed from afar by a deep elf zephyrmancer

Illustrated notes

Levels and vault maps discovered:
D:1:      mrwooster_arrival_statue_3, layout_basic,
          dreamdust_ecumenical_altar_drowned_temple,
          chequers_serial_rivers_small_a
D:2:      layout_loops_ring
D:3:      layout_loops_cross, nicolae_uskayaw_dance_hall, serial_shops, shop,
          nicolae_square_shop, shop_statue, shop, dreamdust_mushroom_princess,
          uniq_grinder
D:4:      layout_cave_pods, gammafunk_ghost_arena
D:5:      layout_rooms, minmay_temple_entry_statues_fountains,
          minmay_shop_damaged, feat_on_display, uniq_pikel
D:6:      layout_loops_cross, chequers_big_river, minmay_hedge_maze,
          hangedman_decor_lopped, minivault_24
D:7:      layout_rooms, eino_jars
D:8:      kennysheep_seaside_town, layout_rooms,
          mainiacjoe_overflow_small_starburst, serial_shops, shop,
          enter_bailey_3, grunt_ministairs_13, kennysheep_doodads,
          water_maze_lemuel
D:9:      layout_irregular_city, kennysheep_little_box, orc_0_dummy,
          serial_shops, kennysheep_mini, uniq_erica
D:10:     layout_loops_ring, elyvilon_altar_1, dpeg_lair_monsters
Temple:   regret_index_temple_chain_breaker
Lair:1:   layout_gridlike, grunt_megastairs_3
Lair:2:   layout_chaotic_city, swamp_mist, st_stairs_8, roderic_carrion_pond
Lair:3:   layout_regular_city, guppyfry_snake_entry_garden,
          gammafunk_ghost_hive, lemuel_fruit_fields, serial_bayou_shore_a
Lair:4:   layout_misc_corridors, nicolae_slime_entry_field_trip
Lair:5:   cheibrodos_lair_end_hotspot, layout_cave_pods, gammafunk_ghost_ooze
Swamp:1:  layout_basic_swamp, evilmike_swamp_ruin_rubble_1,
          nicolae_swamp_some_circles
Snake:1:  layout_grid_maze, uniq_asterion, uniq_aizul, uniq_agnes
Slime:1:  layout_caves
Orc:1:    layout_caves, serial_shops, shop_statue, mines2_david
Orc:2:    st_orc_open, layout_caves
Elf:1:    eino_elf_arrival_sip, layout_geoelf_octagon, orc_legates,
          st_stairs_11, dreamdust_princess_corridor, uniq_frances

Skill      XL: |  1  2  3  4  5  6  7  8  9 10 11 12 13 14 15 |
---------------+----------------------------------------------+-----
Stealth        | 5 6 8 9 10 11 13 14 15 16 | 16.1
Short Blades   | 2 3 4 5 6 7 9 10 | 10.5
Hexes          | 5 6 8 10 | 10.0
Dodging        | 3 4 5 6 8 9 10 | 10.0
Spellcasting   | 3 4 6 7 |  7.6
Fighting       | 2 4 6 7 8 9 |  9.5
Armour         | 1 2 3 4 5 6 |  6.7
Transmutations | 4 8 9 10 | 10.0
Invocations    | 1 3 5 |  5.6
Evocations     | 1 2 |  2.8
Earth Magic    | 1 |  1.5
Summonings     | 1 |  1.2
Ice Magic      | 1 |  1.2
Air Magic      | 1 |  1.2
Necromancy     | 8 9 |  9.0

Action                     |  1- 3 |  4- 6 |  7- 9 | 10-12 | 13-15 || total
---------------------------+-------+-------+-------+-------+-------++-------
  Melee: Dagger            |   144 |    93 |   330 |  1079 |   632 ||  2278
         Bite              |    16 |    16 |    48 |   173 |   224 ||   477
         Flail             |       |       |     6 |       |       ||     6
         Punch             |       |       |     4 |    12 |    17 ||    33
         Unarmed           |       |       |       |     6 |    62 ||    68
         Short sword       |       |       |       |       |   443 ||   443
   Fire: Sling             |       |       |     4 |    83 |     1 ||    88
   Cast: Tukima's Dance    |       |     6 |     9 |       |    13 ||    28
         Confusing Touch   |       |     2 |    25 |    99 |   102 ||   228
         Ensorcelled Hiber |       |       |     4 |    20 |     2 ||    26
         Blink             |       |       |       |     4 |       ||     4
         Dazzling Flash    |       |       |       |       |    25 ||    25
         Blade Hands       |       |       |       |       |     6 ||     6
         Summon Guardian G |       |       |       |       |    16 ||    16
         Yara's Violent Un |       |       |       |       |     7 ||     7
         Animate Dead      |       |       |       |       |     3 ||     3
Ability: Bat Form          |       |       |       |     2 |       ||     2
         Exsanguinate      |       |       |       |     2 |       ||     2
         Revivify          |       |       |       |     2 |       ||     2
  Evoke: Wand              |       |       |       |     1 |       ||     1
    Use: Potion            |     1 |       |       |     3 |    10 ||    14
         Scroll            |       |     3 |     3 |    14 |    20 ||    40
   Stab: Sleeping          |    11 |    11 |    24 |    47 |    18 ||   111
         Confused          |       |       |    16 |    85 |    82 ||   183
         Distracted        |       |       |       |     1 |     5 ||     6
         Invisible         |       |       |       |       |    23 ||    23
 Armour: Robe              |    24 |    22 |    56 |    22 |       ||   124
         Leather armour    |       |       |       |   159 |   169 ||   328
         Ring mail         |       |       |       |       |    61 ||    61
         Acid dragon scale |       |       |       |       |     1 ||     1
  Dodge: Dodged            |    98 |    56 |   245 |   749 |   855 ||  2003

Table legend: (Time is in decaauts)
 A = Elapsed time spent in this place.
 B = Non-inter-level travel time spent in this place.
 C = Inter-level travel time spent in this place.
 D = Time resting spent in this place.
 E = Time spent auto-exploring this place.
 F = Levels seen in this place.
 G = Mean time per level.
                   A        B        C        D        E       F      G
               +--------+--------+--------+--------+--------+-----+--------+
         Total |  24305 |  21373 |   2932 |   1542 |  10375 |  23 | 1056.7 |
       Dungeon |  12494 |  10797 |   1697 |    772 |   6202 |  10 | 1249.4 |
        Temple |    225 |    171 |     54 |      0 |    144 |   1 |  225.0 |
          Lair |   8072 |   7063 |   1009 |    484 |   2780 |   5 | 1614.4 |
         Swamp |    189 |    189 |      0 |      0 |     45 |   1 |  189.0 |
     Snake Pit |     24 |     24 |      0 |      0 |      0 |   1 |   24.0 |
    Slime Pits |     11 |     11 |      0 |      0 |      0 |   1 |   11.0 |
  Orcish Mines |   2023 |   1852 |    171 |    195 |    847 |   2 | 1011.5 |
   Elven Halls |    119 |    119 |      0 |      0 |     19 |   1 |  119.0 |
        Bailey |   1145 |   1145 |      0 |     91 |    337 |   1 | 1145.0 |
               +--------+--------+--------+--------+--------+-----+--------+

Top non-repeatable levels by time:
  Lair:4: 2132 daAuts
     D:9: 2054 daAuts
  Lair:5: 2030 daAuts
  Lair:3: 2004 daAuts
     D:8: 1851 daAuts
     D:6: 1549 daAuts
  Lair:2: 1392 daAuts
     D:7: 1245 daAuts
    D:10: 1204 daAuts
   Orc:2: 1185 daAuts
  Bailey: 1145 daAuts
     D:3: 1085 daAuts
     D:4: 1076 daAuts
     D:5: 877 daAuts
   Orc:1: 838 daAuts
